 Dungeon Crawl Stone Soup version 0.28-a0-1114-g8eb0198dcf (webtiles) character file.

Game seed: 1777140239466283913

79485 Lavandula the Grappler (level 14, -10/97 (99) HPs)
             Began as a Formicid Transmuter on Dec 11, 2021.
             Was a Priest of Jiyva.
             Mangled by a juggernaut zombie (54 damage)
             ... on level 15 of the Dungeon.
             The game lasted 01:15:09 (36781 turns).

Lavandula the Grappler (Formicid Transmuter)       Turns: 36781, Time: 01:15:09

HP:   -10/97 (99)   AC: 15    Str: 22    XL:     14   Next: 11%
MP:   26/26         EV: 20    Int: 17    God:    Jiyva [***...]
Gold: 890           SH:  0    Dex: 11    Spells: 0/29 levels left

rFire   . . .      SeeInvis +     - Unarmed
rCold   . . .      Faith    .   (shield unavailable)
rNeg    . . .      Spirit   .   V - +7 swamp dragon scales "Vir Nug" {rPois Str+4}
rPois   +          Reflect  .   (helmet unavailable)
rElec   .          Harm     .   (no cloak)
rCorr   +          Rampage  .   (gloves currently unavailable)
Will    +....                   c - +2 pair of boots
Stlth   +.........              (no amulet)
HPRegen 1.38/turn               (ring unavailable)
MPRegen 0.55/turn               Q - ring of the Hare {EV+8}

@: blade hand, flayed, calling ooze, lightly drained, unable to read
A: permanent stasis, dig shafts and tunnels, antennae 3, inability to read while
threatened, missing a hand, unskilled 1, inexperienced 1, four strong arms,
poison resistance, wild magic 1, pseudopods 3
a: Dig, Shaft Self, End Transformation, Renounce Religion, Oozemancy


You were on level 15 of the Dungeon.
You worshipped Jiyva.
Jiyva was most pleased with you.
You had blades for hand.
You visited 4 branches of the dungeon, and saw 24 of its levels.
You also visited: Bailey.

You collected 2891 gold pieces.
You spent 2001 gold pieces at shops.

Inventory:

Hand Weapons
 q - the +11 dagger of Retitadd {vamp, Int+4}
   (You found it on level 5 of the Dungeon)

   It occasionally heals its wielder for a portion of the damage dealt when it
   wounds a living foe.
   Int:       It affects your intelligence (+4).
Missiles
 b - 3 throwing nets
 k - 72 poisoned darts
 G - 4 curare-tipped darts
 I - 22 javelins
Armour
 c - a +2 pair of boots (worn)
 s - +0 steam dragon scales
 H - the +0 shadow dragon scales of the Arena {Str+3 Stlth++++}
   (You took it off an orc in a bailey)

   Str:       It affects your strength (+3).
   Stlth:     It makes you much more stealthy.
 J - the +1 robe of the Carpenter {rF+ rC- Str+6 Int+2}
   (You found it on level 5 of the Lair of Beasts)

   Str:       It affects your strength (+6).
   Int:       It affects your intelligence (+2).
   rF:        It protects you from fire.
   rC:        It makes you vulnerable to cold.
 O - a +0 pair of gloves (melded)
 R - a +1 troll leather armour {Snorg}
 S - a +2 robe of resistance
 V - the +7 swamp dragon scales "Vir Nug" (worn) {rPois Str+4}
   (You bought it in a shop on level 5 of the Dungeon)

   Str:       It affects your strength (+4).
   rPois:     It protects you from poison.
 X - the +5 ring mail of Engoigorr {rElec}
   (You bought it in a shop on level 2 of the Orcish Mines)

   rElec:     It insulates you from electricity.
Jewellery
 M - a ring of flight
 N - a +6 ring of intelligence
 Q - the ring of the Hare (right blade hand) {EV+8}
   (You found it on level 4 of the Lair of Beasts)

   [ring of evasion]

   EV:        It affects your evasion (+8).
Wands
 a - a wand of digging (5)
 o - a wand of charming (9)
 u - a wand of iceblast (17)
 y - a wand of polymorph (13)
 F - a wand of flame (24)
 L - a wand of mindburst (9)
 P - a wand of paralysis (14)
 W - a wand of acid (6)
Scrolls
 e - 3 scrolls of magic mapping
 h - 5 scrolls of immolation
 l - a scroll of brand weapon
 n - a scroll of fear
 t - 3 scrolls of holy word
 w - a scroll of summoning
 A - 3 scrolls of vulnerability
 B - 2 scrolls of amnesia
 C - 2 scrolls of fog
 E - 3 scrolls of enchant weapon
 T - 4 scrolls of silence
 U - a scroll of identify
Potions
 d - 3 potions of lignification
 f - a potion of resistance
 g - 3 potions of might
 i - 5 potions of curing
 j - a potion of ambrosia
 m - 2 potions of heal wounds
 p - 2 potions of flight
 r - a potion of mutation
 v - a potion of invisibility
 x - 2 potions of magic
 z - 2 potions of attraction
 D - 4 potions of haste
 K - 2 potions of brilliance


   Skills:
 - Level 5.7 Fighting
 - Level 4.8 Armour
 - Level 5.5 Dodging
 - Level 14.7 Unarmed Combat
 - Level 8.3 Spellcasting
 - Level 7.0 Conjurations
 - Level 8.1 Hexes
 - Level 3.9 Summonings
 + Level 12.9 Transmutations
 - Level 4.3 Ice Magic
 - Level 5.5 Poison Magic


You couldn't memorise any spells.
You knew the following spells:

 Your Spells              Type           Power      Damage    Failure   Level
a - Beastly Appendage     Tmut           100%       N/A       11%         1
b - Wereblood             Tmut           60%        N/A       12%         2
c - Spider Form           Tmut/Pois      49%        N/A       22%         3
d - Ice Form              Ice/Tmut       47%        N/A       41%         4
e - Poisonous Vapours     Pois/Air       42%        N/A       50%         2
f - Confusing Touch       Hex            45%        N/A       26%         3
g - Blade Hands           Tmut           30%        N/A       30%         5
h - Irradiate             Conj/Tmut      26%        3d22      50%         5
i - Cause Fear            Hex            22%        N/A       43%         4
j - Summon Small Mammal   Summ           100%       N/A       34%         1

Your spell library contained the following spells:

 Spells                   Type           Power      Damage    Failure   Level
 Slow                     Hex            100%       N/A       17%         1
 Summon Guardian Golem    Hex/Summ       35%        N/A       38%         3
 Inner Flame              Hex/Fire       27%        N/A       52%         3
 Portal Projectile        Hex/Tloc       54%        N/A       52%         3
 Call Canine Familiar     Summ           26%        N/A       54%         3
 Petrify                  Tmut/Erth      37%        N/A       56%         4
 Corpse Rot               Necr/Air       18%        N/A       75%         2
 Sublimation of Blood     Necr           9%         N/A       75%         2
 Vampiric Draining        Necr           9%         2d6       88%         3
 Animate Armour           Summ/Erth      34%        N/A       94%         4
 Dragon Form              Tmut           30%        N/A       94%         7
 Silence                  Hex/Air        13%        N/A       96%         5
 Fireball                 Conj/Fire      12%        3d7       98%         5
 Passage of Golubria      Tloc           9%         N/A       99%         4
 Excruciating Wounds      Necr           4%         N/A       100%        5
 Iron Shot                Conj/Erth      12%        9d3       100%        6
 Starburst                Conj/Fire      12%        6d5       100%        6
 Malign Gateway           Summ/Tloc      8%         N/A       100%        7
 Discord                  Hex            22%        N/A       100%        8
 Ignition                 Fire           4%         3d4       100%        8
 Lehudib's Crystal Spear  Conj/Erth      12%        10d4      100%        8
 Summon Horrible Things   Summ           13%        N/A       100%        8
 Dragon's Call            Summ           13%        N/A       100%        9


Dungeon Overview and Level Annotations

Branches:
Dungeon (15/15)            Temple (1/1) D:4            Lair (6/6) D:10
  Swamp (0/4) Lair:4        Snake (0/4) Lair:3        Slime (0/5) Lair:6
    Orc (2/2) D:11            Elf (0/3) Orc:2        Vaults (0/5) D:13
 Depths (0/4) D:15         Bailey (visited)

Altars:
Ashenzari
Dithmenos
Elyvilon
Fedhas
Gozag
Hepliaklqana
Kikubaaqudgha
Makhleb
Nemelex Xobeh
Okawaru
Qazlal
Ru
Sif Muna
Trog
Uskayaw
Vehumet
Wu Jian
Zin
The Shining One
Beogh
Jiyva

Shops:
D:1 *   D:5 [   D:7 !:   D:9 ?   Orc:1 :   Orc:2 ([[[

Annotations:
D:9 exclusion: ugly thing
D:14 2 transporters


Innate Abilities, Weirdness & Mutations

You have blades for hand.
Your spellcasting is less reliable in this form.
You are incapable of wielding weapons or throwing items.
You cannot be hasted, slowed, berserked, paralysed or teleported.
You can dig through walls and to a lower floor.
You have a pair of large antennae on your head. (SInv)
You sometimes lose the ability to read scrolls when taking damage.
You are missing a hand.
You are somewhat unskilled. (-1 Apt)
You are somewhat inexperienced. (-2 XL)
Your four strong arms can wield two-handed weapons with a shield.
Your system is resistant to poisons. (rPois)
Your spells are a little harder to cast, but a little more powerful.
Armour fits poorly on your massive pseudopods.


Message History

You resist with significant effort.
The wall burns the juggernaut zombie!
The wall burns the flayed ghost!
The flayed ghost cries, "Suffer as I suffered!"
Terrible wounds spread across more of your body!
Unknown command.
The wall burns the tengu reaver zombie!
The walls burn the skeletal warrior!
The necromancer points at you and mumbles some strange words.
Your body is wracked with pain!
* * * LOW HITPOINT WARNING * * *
The wall burns the flayed ghost!
The wall burns the spriggan air mage skeleton!
Unknown command.
The wall burns the brown ugly thing!
The walls burn the skeletal warrior!
The wall burns the tengu reaver zombie!
The flayed ghost cries, "Suffer as I suffered!"
Terrible wounds spread across more of your body!
* * * LOW HITPOINT WARNING * * *
Unknown command.
The walls burn the brown ugly thing!
The walls burn the spriggan air mage skeleton!
The wall burns the brown ugly thing!
Unknown command.
The wall burns the skeletal warrior!
The walls burn the spriggan air mage skeleton!
The flayed ghost cries, "Feel what I felt!"
Terrible wounds spread across more of your body!
* * * LOW HITPOINT WARNING * * *
Unknown command.
The wall burns the skeletal warrior!
The wall burns the spriggan air mage skeleton!
The necromancer gestures at you while chanting.
The bolt of negative energy hits the juggernaut zombie.
The juggernaut zombie completely resists.
The bolt of negative energy hits you!
You feel drained.
* * * LOW HITPOINT WARNING * * *
The wall burns the spriggan air mage skeleton!
Unknown command.
You feel much better. The juggernaut zombie hits you!!!
Ouch! That really hurt!
You die...

####......Z#### .#
#......{[..## #.
#......{{Z..# .#
##.......W{z####.#
#.......{....#..#
##........{p...#
###......##...##
########.Z...#
########..@#..##
##..............#
.......<........##
...........).^...#
#######.......##.#
##......# ##
##....## ##..##
####


You could see a skeletal warrior, a necromancer and a juggernaut zombie.

Vanquished Creatures
  Gastronok (D:8)
  An orc warlord (Orc:2)
  Snorg (Lair:6)
  4 vault guards (D:13)
  Harold (D:8)
  6 hydras
  9 centaur warriors
  2 two-headed ogres
  5 death yaks (Lair:4)
  Sonja (Lair:5)
  Urug (Orc:1)
  4 skeletal warriors (D:13)
  A lindwurm (Lair:6)
  2 deep elf pyromancers
  5 ugly things
  2 manticores
  3 orc sorcerers
  A salamander (shapeshifter) (D:14)
  15 elephants
  A black mamba (Lair:4)
  6 cyclopes
  A guardian serpent (shapeshifter) (D:13)
  Maurice (D:12)
  An unseen horror (D:10)
  2 gargoyles (D:12)
  Psyche (D:8)
  4 kobold demonologists
  8 cane toads
  An efreet (D:15)
  4 rime drakes
  5 komodo dragons
  11 polar bears
  6 trolls
  23 blink frogs
  4 slime creatures
  6 hornets
  Prince Ribbit (Lair:3)
  8 dream sheep (Lair:6)
  Sigmund (D:2)
  2 vampires
  9 spriggans
  2 shadows (D:11)
  4 wyverns
  2 wraiths (D:12)
  34 yaks
  Grum (D:8)
  7 vampire mosquitoes
  4 basilisks
  A steam dragon (D:4)
  4 wargs
  2 nagas (Lair:3)
  16 water moccasins
  A cane toad zombie (D:9)
  45 orc warriors
  2 ice beasts (D:9)
  14 ogres
  6 black bears
  A necrophage (D:5)
  5 boggarts (Lair:6)
  30 wolves
  14 centaurs
  4 kobold brigands
  A phantom (D:6)
  Blork the orc (D:4)
  14 bullfrogs
  6 gnoll sergeants
  6 killer bees (D:9)
  5 wights (D:9)
  3 electric eels (D:9)
  3 howler monkeys
  A bullfrog zombie (D:5)
  2 centaur zombies
  A gnoll shaman (D:7)
  13 orc priests
  Terence (D:2)
  A bullfrog skeleton (D:5)
  An iguana (D:4)
  32 orc wizards
  12 hell rats (Lair:5)
  A killer bee zombie (D:8)
  A centaur simulacrum (D:9)
  2 howler monkey zombies
  12 gnolls
  A howler monkey skeleton (D:5)
  9 adders
  9 white imps
  A howler monkey simulacrum (D:9)
  An ufetubus (D:6)
  3 worms
  3 dart slugs
  86 orcs
  7 ball pythons
  10 bats
  10 endoplasms
  6 giant cockroaches
  8 goblins
  4 hobgoblins
  8 quokkas
  3 frilled lizards
  16 kobolds
  6 rats
680 creatures vanquished.

Vanquished Creatures (collateral kills)
  An orc (D:8)
1 creature vanquished.

Vanquished Creatures (others)
  The ghost of Dutif the Tainter, a journeyman OpVM of Sif Muna (Lair:5)
  An orc sorcerer (Orc:2)
  An unseen horror (D:13)
  A spriggan (Lair:5)
  An orc warrior (Orc:2)
  38 jellies
  A centaur zombie (D:7)
  3 orc priests (Orc:2)
  4 orc wizards
  13 orcs
  50 fungi
  104 plants
  2 withered plants (D:15)
220 creatures vanquished.

Grand Total: 901 creatures vanquished

Notes
Turn   | Place    | Note
-------+----------+-------------------------------------------
     0 | D:1      | Lavandula the Formicid Transmuter began the quest for the
                  | Orb.
     0 | D:1      | Reached XP level 1. HP: 15/15 MP: 3/3
   201 | D:1      | Reached XP level 2. HP: 21/21 MP: 3/5
   315 | D:1      | Found Pomniuf's General Store.
   380 | D:1      | Learned a level 2 spell: Wereblood
   684 | D:1      | Reached skill level 4 in Unarmed Combat
   684 | D:1      | Reached XP level 3. HP: 25/26 MP: 6/6
   693 | D:1      | Learned a level 3 spell: Spider Form
   868 | D:1      | Reached skill level 1 in Poison Magic
  1048 | D:1      | Found a faded altar of an unknown god.
  1455 | D:2      | Noticed Sigmund
  1476 | D:2      | Killed Sigmund
  1477 | D:2      | Reached XP level 4. HP: 31/32 MP: 1/7
  1477 | D:2      | Reached XP level 5. HP: 36/37 MP: 1/8
  1477 | D:2      | Reached XP level 6. HP: 42/43 MP: 1/9
  1852 | D:2      | Noticed Terence
  1866 | D:2      | Killed Terence
  3934 | D:4      | Found a broken altar of Ashenzari.
  4045 | D:4      | Found a staircase to the Ecumenical Temple.
  4060 | Temple   | Entered the Ecumenical Temple
  4071 | Temple   | Became a worshipper of Ru the Awakened
  4157 | D:4      | Noticed an ogre
  4171 | D:4      | Killed an ogre
  4172 | D:4      | Reached skill level 5 in Transmutations
  4172 | D:4      | Reached XP level 7. HP: 41/48 MP: 6/10
  4548 | D:4      | Noticed a steam dragon
  4561 | D:4      | Killed a steam dragon
  4562 | D:4      | Reached skill level 5 in Unarmed Combat
  4890 | D:4      | Noticed Blork the orc
  4901 | D:4      | Killed Blork the orc
  5144 | D:5      | Entered Level 5 of the Dungeon
  5218 | D:5      | Identified the +11 dagger of Retitadd {vamp, Int+4}
  5609 | D:5      | Reached XP level 8. HP: 36/54 MP: 7/11
  5719 | D:5      | Found a sparkling altar of Nemelex Xobeh.
  5754 | D:5      | Reached skill level 6 in Unarmed Combat
  6034 | D:5      | Gained mutation: You are missing a hand. [Ru sacrifice]
  6034 | D:5      | Reached * piety under Ru
  6034 | D:5      | Reached ** piety under Ru
  6034 | D:5      | Reached *** piety under Ru
  6039 | D:5      | Found Beowulf's Dragon-Slaying Spoils.
  6286 | D:5      | Reached skill level 7 in Unarmed Combat
  6402 | D:5      | Found a white marble altar of Elyvilon.
  6431 | D:6      | Learned a level 4 spell: Ice Form
  6517 | D:6      | Reached skill level 1 in Ice Magic
  6839 | D:6      | Found a bloodstained altar of Trog.
  7157 | D:6      | Reached XP level 9. HP: 17/59 MP: 8/12
  7181 | D:6      | Learned a level 2 spell: Poisonous Vapours
  7819 | D:6      | Found a shadowy altar of Dithmenos.
  8547 | D:7      | Identified the +0 rapier "Plog" {drain, rF+ Dex+4}
  8576 | D:7      | Found Fydasuj's Distillery.
  8584 | D:7      | Bought a potion of resistance for 110 gold pieces
  8584 | D:7      | Bought a potion of magic for 88 gold pieces
  8686 | D:7      | Found Rufio's Book Shop.
  8705 | D:7      | Found an ornate altar of the Wu Jian Council.
  8759 | D:7      | HP: 2/53 [something (15)]
  9248 | D:8      | Reached skill level 8 in Unarmed Combat
  9491 | D:8      | Reached XP level 10. HP: 37/64 MP: 13/13
  9495 | D:8      | Reached skill level 9 in Unarmed Combat
  9774 | D:8      | Noticed Gastronok
  9995 | D:8      | Killed Gastronok
  9996 | D:8      | Reached skill level 11 in Unarmed Combat
 10412 | D:8      | Noticed Harold
 10420 | D:8      | Killed Harold
 10487 | D:8      | Noticed Grum
 10496 | D:8      | Killed Grum
 10892 | D:8      | Noticed Psyche
 10900 | D:8      | Killed Psyche
 11106 | D:9      | Noticed a kobold demonologist
 11106 | D:9      | Noticed a kobold demonologist
 11107 | D:9      | Noticed a kobold demonologist
 11107 | D:9      | Noticed a kobold demonologist
 11114 | D:8      | Noticed a sun demon
 11116 | D:8      | Killed a kobold demonologist
 11117 | D:8      | Reached XP level 11. HP: 27/78 MP: 11/14
 11342 | D:9      | Noticed a two-headed ogre
 11415 | D:8      | Learned a level 3 spell: Confusing Touch
 12035 | D:9      | Noticed a manticore
 12049 | D:9      | Killed a manticore
 12050 | D:9      | Reached skill level 5 in Spellcasting
 12066 | D:9      | Learned a level 5 spell: Blade Hands
 12362 | D:9      | Noticed a soul eater
 12415 | D:9      | Found Qeolut's Magic Scroll Emporium.
 12423 | D:9      | Bought a scroll of fear for 38 gold pieces
 12423 | D:9      | Bought a scroll of enchant armour for 82 gold pieces
 12423 | D:9      | Bought a scroll of immolation for 38 gold pieces
 12485 | D:9      | Reached skill level 5 in Dodging
 13094 | D:9      | Noticed a red ugly thing
 13224 | D:9      | Reached skill level 5 in Fighting
 13479 | D:10     | Entered Level 10 of the Dungeon
 13532 | D:10     | Noticed a cyclops
 13552 | D:10     | Killed a cyclops
 13638 | D:10     | Found a staircase to the Lair.
 13735 | D:10     | Reached skill level 1 in Armour
 14089 | D:10     | Reached XP level 12. HP: 48/87 MP: 12/20
 14407 | D:11     | Found a flagged portal.
 14492 | Bailey   | Entered a bailey
 15152 | Bailey   | Reached skill level 5 in Armour
 15518 | Bailey   | Identified the +0 shadow dragon scales of the Arena {Str+3
                  | Stlth++++}
 15714 | Bailey   | Reached skill level 1 in Hexes
 16385 | Bailey   | Acquired 887 gold pieces
 16543 | D:7      | Bought a book of Alchemy for 308 gold pieces
 16661 | D:11     | Noticed a two-headed ogre
 16667 | D:11     | Killed a two-headed ogre
 17455 | D:11     | Gained mutation: You sometimes lose the ability to read
                  | scrolls when taking damage. [potion of mutation]
 17455 | D:11     | Gained mutation: You occasionally shout uncontrollably at
                  | your foes. [potion of mutation]
 17455 | D:11     | Gained mutation: Your magical capacity is low. (-10% MP)
                  | [potion of mutation]
 17564 | D:11     | Lost mutation: You occasionally shout uncontrollably at
                  | your foes. [potion of mutation]
 17564 | D:11     | Lost mutation: You sometimes lose the ability to read
                  | scrolls when taking damage. [potion of mutation]
 17564 | D:11     | Lost mutation: Your magical capacity is low. (-10% MP)
                  | [potion of mutation]
 17564 | D:11     | Gained mutation: Your spells are a little harder to cast,
                  | but a little more powerful. [potion of mutation]
 17600 | D:11     | Found a staircase to the Orcish Mines.
 18181 | D:12     | Noticed a five-headed hydra
 18441 | D:12     | Learned a level 5 spell: Irradiate
 18616 | D:12     | Noticed a two-headed ogre
 18633 | D:12     | Killed a two-headed ogre
 18634 | D:12     | Reached skill level 1 in Conjurations
 18694 | D:12     | Noticed Maurice
 18704 | D:12     | Killed Maurice
 18957 | D:12     | Killed a five-headed hydra
 18958 | D:12     | Reached XP level 13. HP: 74/93 MP: 19/26
 19310 | D:12     | Reached skill level 5 in Conjurations
 20005 | D:12     | HP: 1/79 [skeletal warrior (24)]
 20201 | Lair:1   | Entered Level 1 of the Lair of Beasts
 22158 | Lair:2   | Noticed a four-headed hydra
 22170 | Lair:2   | Killed a four-headed hydra
 22570 | Lair:2   | Reached skill level 12 in Unarmed Combat
 23313 | Lair:3   | Noticed a four-headed hydra
 23354 | Lair:3   | Noticed Prince Ribbit
 23378 | Lair:3   | You fall into a shaft and drop 2 floors!
 23636 | Lair:5   | Identified the +1 robe of the Carpenter {rF+ rC- Str+6
                  | Int+2}
 23768 | Lair:5   | Noticed an eight-headed hydra
 23786 | Lair:5   | Killed an eight-headed hydra
 23787 | Lair:5   | Reached skill level 13 in Unarmed Combat
 24074 | Lair:4   | Found a staircase to the Swamp.
 24338 | Lair:3   | Reached XP level 14. HP: 100/100 MP: 21/27
 24668 | Lair:3   | Killed Prince Ribbit
 25013 | Lair:3   | Found a staircase to the Snake Pit.
 25605 | Lair:4   | Reached skill level 14 in Unarmed Combat
 25822 | Lair:4   | Gained mutation: You are somewhat unskilled. (-1 Apt) [Ru
                  | sacrifice]
 25822 | Lair:4   | Reduced skill Fighting to level 5
 25822 | Lair:4   | Reduced skill Dodging to level 5
 25822 | Lair:4   | Reduced skill Unarmed Combat to level 13
 25822 | Lair:4   | Reduced skill Poison Magic to level 5
 25822 | Lair:4   | Reached **** piety under Ru
 26226 | Lair:4   | Found the ring of the Hare {EV+8}
 26721 | Lair:4   | Found an iron altar of Okawaru.
 27000 | Lair:4   | Reached skill level 14 in Unarmed Combat
 27388 | Lair:5   | Noticed Sonja
 27397 | Lair:5   | Killed Sonja
 27610 | Lair:5   | Found a hazy altar of Hepliaklqana.
 27796 | Lair:5   | Found a runed translucent gate.
 27796 | Lair:5   | Found a runed translucent gate.
 27796 | Lair:5   | Found a runed translucent gate.
 27797 | Lair:5   | Noticed a rockslime
 27798 | Lair:5   | Noticed an azure jelly
 27799 | Lair:5   | Noticed Dutif's ghost (journeyman OpVM)
 27799 | Lair:5   | Noticed an acid blob
 27799 | Lair:5   | Noticed an azure jelly
 27799 | Lair:5   | Noticed an azure jelly
 27800 | Lair:5   | Noticed an azure jelly
 27800 | Lair:5   | Noticed an azure jelly
 27801 | Lair:5   | Noticed an azure jelly
 27807 | Lair:5   | Noticed an acid blob
 27809 | Lair:5   | Found a viscous altar of Jiyva.
 28257 | Lair:6   | Entered Level 6 of the Lair of Beasts
 28373 | Lair:6   | Noticed Snorg
 28387 | Lair:6   | Killed Snorg
 28757 | Lair:5   | Learned a level 4 spell: Cause Fear
 28997 | Lair:6   | Reached skill level 5 in Hexes
 29118 | Lair:6   | Reached XP level 15. HP: 94/105 MP: 27/27
 29802 | Lair:6   | Learned a level 1 spell: Summon Small Mammal
 29833 | Lair:6   | Found a staircase to the Slime Pits.
 30025 | Lair:6   | Reached skill level 1 in Summonings
 30077 | Lair:6   | Gained mutation: You sometimes lose the ability to read
                  | scrolls when taking damage. [Ru sacrifice]
 30077 | Lair:6   | Reached ***** piety under Ru
 30579 | Orc:1    | Entered Level 1 of the Orcish Mines
 30739 | D:5      | Bought the +7 swamp dragon scales "Vir Nug" {rPois Str+4}
                  | for 1202 gold pieces
 30979 | Orc:1    | Found Sogintin's Book Shop.
 31081 | Orc:1    | Noticed Urug
 31091 | Orc:1    | Killed Urug
 31787 | Orc:2    | Entered Level 2 of the Orcish Mines
 31817 | Orc:2    | Found a staircase to the Elven Halls.
 31962 | Orc:2    | Found a burning altar of Makhleb.
 32548 | Orc:2    | Gained mutation: You are somewhat inexperienced. (-2 XL)
                  | [Ru sacrifice]
 32548 | Orc:2    | Reached XP level 14. HP: 99/99 MP: 22/26
 32548 | Orc:2    | Reached XP level 13. HP: 93/93 MP: 22/25
 32548 | Orc:2    | Reached ****** piety under Ru
 32843 | Lair:5   | Fell from the grace of Ru
 32843 | Lair:5   | Became a worshipper of Jiyva Jimpodev the Shapeless
 32849 | Lair:5   | You fall into a shaft and drop 1 floor!
 32862 | Lair:5   | Killed Dutif's ghost
 33867 | Orc:2    | Found Bomanabb's Antique Armour Shoppe.
 34334 | Orc:2    | Reached * piety under Jiyva
 34568 | Orc:2    | Reached skill level 10 in Transmutations
 34611 | Orc:2    | Noticed an orc warlord
 34632 | Orc:2    | Killed an orc warlord
 34643 | Orc:2    | Found Fitham's Antique Armour Boutique.
 34647 | Orc:2    | Found Fadorphi's Antique Weapon Shop.
 34678 | Orc:2    | Bought a fading ring mail for 135 gold pieces
 34678 | Orc:2    | Identified the +5 ring mail of Engoigorr {rElec} (You
                  | bought it in a shop on level 2 of the Orcish Mines)
 34749 | Orc:2    | Found Kikapte's Antique Armour Shoppe.
 35349 | D:13     | Found a gate to the Vaults.
 35518 | D:13     | Reached ** piety under Jiyva
 35760 | D:13     | Reached XP level 14. HP: 88/99 MP: 22/26
 35945 | D:14     | Found a transporter.
 36314 | D:14     | Reached *** piety under Jiyva
 36361 | D:14     | Found a transporter.
 36415 | D:14     | Gained mutation: Your system is resistant to poisons.
                  | (rPois) [Jiyva's grace]
 36415 | D:14     | Gained mutation: Armour fits poorly on your pseudopods.
                  | [Jiyva's grace]
 36415 | D:14     | Gained mutation: Armour fits poorly on your large
                  | pseudopods. [Jiyva's grace]
 36415 | D:14     | Gained mutation: Armour fits poorly on your massive
                  | pseudopods. [Jiyva's grace]
 36736 | D:15     | Entered Level 15 of the Dungeon
 36760 | D:15     | Found a staircase to the Depths.
 36781 | D:15     | Mangled by a juggernaut zombie

Illustrated notes

Levels and vault maps discovered:
D:1:      dpeg_arrival_ternary, layout_basic,
          shapermc_ecumenical_altar_hornbeckon, serial_shops,
          nicolae_shop_hallway_plus, minmay_nonomino_d4
D:2:      layout_basic, hangedman_decor_points, kennysheep_generic_room_8,
          uniq_sigmund, uniq_terence
D:3:      layout_basic, minmay_fountain_box, mrwooster_statue_mirror
D:4:      layout_gridville, mainiacjoe_overflow_chevrons,
          minmay_temple_entry_slanted, uniq_blork_the_orc
D:5:      layout_basic, nemelex_diamond_rough_becter,
          nicolae_elyvilon_temple_path, nicolae_shop_dragon_depot,
          kennysheep_generic_room_12
D:6:      layout_loops_ring, trog_ov_bears_minmay, grunt_dithmenos_shadows,
          serial_bayou_crossing
D:7:      layout_gridville, pdpol_wu_jian_five_deadly_venoms, serial_shops,
          nicolae_square_shop, nicolae_shop_advertising_works
          [nicolae_subvault_shop_adworks], minmay_a_box_with_orc_wizards_in_it
D:8:      layout_basic, uniq_psyche, uniq_grum, uniq_gastronok, uniq_harold
D:9:      cheibrodos_two_vegetables, layout_loops_ring, serial_shops, shop,
          serial_ice, serial_ice_j, serial_ice_b, serial_ice_h, serial_ice_e,
          serial_ice_a, serial_ice_o, grunt_ministairs_6
D:10:     layout_cave_pools, david_lair_generic
D:11:     layout_irregular_city, kennysheep_orc_monster_closet_entryway,
          enter_bailey_1
D:12:     layout_cross, solitary_fountain, serial_bayou_lagoon_a, uniq_maurice
D:13:     layout_irregular_city, lightli_vaults_fourway_checkpoint,
          kennysheep_potato
D:14:     gammafunk_dig_for_victory, layout_basic
D:15:     gammafunk_depths_entry_grave, layout_cave_pods
Temple:   lightli_temple_of_artemis
Lair:1:   layout_long_grid
Lair:2:   layout_chaotic_city, grunt_megastairs_2
Lair:3:   layout_cave_pods, guppyfry_snake_entry_garden, lemuel_fruit_fields,
          lemuel_fruit_tree, lemuel_fruit_fields, uniq_prince_ribbit2
Lair:4:   layout_roguey, swamp_mist_pool, lemuel_centaur_altar
Lair:5:   layout_misc_corridors, basic_altar, gammafunk_ghost_ooze, uniq_sonja
Lair:6:   minmay_lair_end_enchanted_forest, layout_long_grid, slime_dummy,
          serial_bayou_pond_d, grunt_megastairs_5, uniq_snorg
Orc:1:    layout_caves, serial_shops, nicolae_square_shop,
          statue_in_the_mist_lemuel, uniq_urug
Orc:2:    grunt_orc_community_town_hall, layout_diamond_mine,
          grunt_orc_community_big_house_2, grunt_orc_community_big_house_2,
          grunt_orc_community_house_1, grunt_orc_community_house_1,
          grunt_orc_community_house_3, grunt_orc_community_house_1,
          grunt_orc_community_house_2, grunt_orc_community_house_1, basic_altar

Skill      XL: |  1  2  3  4  5  6  7  8  9 10 11 12 13 14 15 |
---------------+----------------------------------------------+-----
Unarmed Combat | 4 5 7 8 11 13 14 | 14.7
Poison Magic   | 6 5 |  5.5
Transmutations | 5 8 9 12 9 | 12.9
Ice Magic      | 4 |  4.3
Fighting       | 4 5 6 5 |  5.7
Dodging        | 4 6 5 |  5.5
Spellcasting   | 5 9 8 |  8.3
Armour         | 3 5 4 |  4.8
Hexes          | 3 6 8 |  8.1
Conjurations   | 3 7 6 7 |  7.0
Summonings     | 3 |  3.9

Action                   |  1- 3 |  4- 6 |  7- 9 | 10-12 | 13-15 || total
-------------------------+-------+-------+-------+-------+-------++-------
Melee: Unarmed           |    87 |   120 |   220 |   462 |  1188 ||  2077
       Kick              |    16 |     8 |       |       |       ||    24
       Punch             |     3 |       |       |       |       ||     3
       Dagger            |       |       |     8 |       |       ||     8
       Pseudopods        |       |       |       |       |     2 ||     2
Throw: Throwing net      |       |       |     2 |       |       ||     2
 Cast: Beastly Appendage |    16 |    12 |       |     5 |       ||    33
       Spider Form       |     2 |     9 |    37 |    15 |    10 ||    73
       Ice Form          |       |       |     2 |    34 |    18 ||    54
       Poisonous Vapours |       |       |     2 |     5 |       ||     7
       Blade Hands       |       |       |       |    12 |   111 ||   123
       Confusing Touch   |       |       |       |     2 |     5 ||     7
       Irradiate         |       |       |       |       |    10 ||    10
       Summon Small Mamm |       |       |       |       |     2 ||     2
Invok: Sacrifice a Hand  |       |       |     1 |       |       ||     1
       Draw Out Power    |       |       |     1 |     5 |    16 ||    22
       Reject Sacrifices |       |       |       |     2 |       ||     2
       Sacrifice Experie |       |       |       |       |     1 ||     1
       Oozemancy         |       |       |       |       |     1 ||     1
       Sacrifice Skill   |       |       |       |       |     1 ||     1
       Sacrifice Words   |       |       |       |       |     1 ||     1
 Abil: End Transformatio |       |       |       |     3 |     3 ||     6
       Shaft Self        |       |       |       |       |     2 ||     2
Evoke: Wand              |       |       |     1 |     2 |     6 ||     9
  Use: Scroll            |       |       |    10 |     9 |     7 ||    26
       Potion            |       |       |     3 |     4 |     6 ||    13
 Stab: Distracted        |       |       |     1 |     2 |     3 ||     6
       Held in net/web   |       |       |     1 |       |       ||     1
       Invisible         |       |       |       |     8 |     1 ||     9
       Paralysed         |       |       |       |       |     3 ||     3
Armor: Robe              |    11 |    19 |     1 |       |       ||    31
       Skin              |       |     2 |     9 |    66 |    53 ||   130
       Steam dragon scal |       |       |     6 |    10 |    43 ||    59
       Swamp dragon scal |       |       |       |       |    99 ||    99
       Troll leather arm |       |       |       |       |    60 ||    60
Dodge: Dodged            |    46 |    77 |   169 |   265 |   904 ||  1461

Table legend: (Time is in decaauts)
 A = Elapsed time spent in this place.
 B = Non-inter-level travel time spent in this place.
 C = Inter-level travel time spent in this place.
 D = Time resting spent in this place.
 E = Time spent auto-exploring this place.
 F = Levels seen in this place.
 G = Mean time per level.
                   A        B        C        D        E       F      G
               +--------+--------+--------+--------+--------+-----+--------+
         Total |  36447 |  33683 |   2764 |   8055 |  19956 |  25 | 1457.9 |
       Dungeon |  20675 |  19005 |   1670 |   4550 |  11598 |  15 | 1378.3 |
        Temple |     22 |     12 |     10 |      0 |      2 |   1 |   22.0 |
          Lair |  11138 |  10164 |    974 |   2406 |   6030 |   6 | 1856.3 |
  Orcish Mines |   2723 |   2613 |    110 |     23 |   2035 |   2 | 1361.5 |
        Bailey |   1887 |   1887 |      0 |   1076 |    291 |   1 | 1887.0 |
               +--------+--------+--------+--------+--------+-----+--------+

Top non-repeatable levels by time:
     D:9: 2330 daAuts
    D:11: 2319 daAuts
  Lair:4: 2179 daAuts
     D:8: 2122 daAuts
  Lair:3: 2043 daAuts
  Lair:5: 1974 daAuts
  Lair:2: 1973 daAuts
  Lair:6: 1939 daAuts
  Bailey: 1887 daAuts
   Orc:2: 1825 daAuts
     D:2: 1546 daAuts
     D:5: 1509 daAuts
     D:1: 1447 daAuts
     D:7: 1419 daAuts
     D:6: 1388 daAuts
